 Dungeon Crawl Stone Soup version 0.30-a0-190-g22c9a3c0ff (webtiles) character file.

Game seed: 17577952920594949373

556577 Morbidden the Eclecticist (level 25, -9/286 HPs)
             Began as a Demonspawn Conjurer on July 22, 2022.
             Was the Champion of Cheibriados.
             Mangled by a death cob (14 damage)
             ... on level 2 of the Realm of Zot on Oct 4, 2022.
             The game lasted 02:58:54 (92135 turns).

Morbidden the Eclecticist (Demonspawn Conjurer)    Turns: 92135, Time: 02:58:55

Health: -9/286     AC: 20    Str: 47    XL:     25   Next: 21%
Magic:  47/47      EV: 23    Int: 52    God:    Cheibriados [******]
Gold:   7851       SH:  0    Dex: 26    Spells: 15/64 levels left

rFire   + + .      SeeInvis .      - Unarmed
rCold   x . .      Faith    .    (shield currently unavailable)
rNeg    + . .      Spirit   .    (body armour currently unavailable)
rPois   +          Reflect  .    (helmet currently unavailable)
rElec   .          Harm     .    (cloak currently unavailable)
rCorr   +          Rampage  .    (gloves currently unavailable)
Will    ++++.      Clarity  +    (boots unavailable)
Stlth   ++++......               P - amulet of the Four Winds {rN+ Will+++ Clar}
HPRegen 0.67/turn                e - ring "Xeuwalubb" {rCorr AC+4 Str+4 Int+2}
MPRegen 0.30/turn                L - ring "Pubots" {Str+5 Int+6}

@: agile, about to teleport, dragon-form, frozen, flying, studying Air Magic,
very slow
A: dragon claw, dragon scales, breathe fire, flying, boosted hp, giant, (hooves
3), powered by pain 3, (spiny 3), augmentation 2, (sharp scales 3), (horns 1),
strong 1
}: 3/15 runes: serpentine, barnacled, silver
a: Breathe Fire, End Transformation, Renounce Religion, Bend Time, Temporal
Distortion, Slouch, Step From Time


You were on level 2 of the Realm of Zot.
You worshipped Cheibriados.
Cheibriados was exalted by your worship.
You were a fearsome dragon!
You visited 12 branches of the dungeon, and saw 49 of its levels.
You also visited: Trove, Bailey, Gauntlet and Desolation.

You collected 9146 gold pieces.
You spent 1295 gold pieces at shops.

Inventory:

Hand Weapons
 a - the +9 sword of Zonguldrok (melded) {reap}
   (You found it on level 1 of the Depths)

   Any living foe damaged by it may be reanimated upon death as a zombie
   friendly to the wielder, with an increasing chance as more damage is dealt.
 m - a +6 quick blade of flaming
Missiles
 p - 6 curare-tipped darts
 u - 49 boomerangs (quivered)
 v - 3 silver boomerangs
 E - 14 javelins
 K - 17 throwing nets
 S - 7 silver javelins
Armour
 c - the +3 pair of gauntlets of War (melded) {Slay+5}
   (You found it on level 3 of the Crypt)

   Slay:      It affects your accuracy & damage with ranged weapons and melee
   (+5).
 f - a +2 kite shield of cold resistance (melded)
 y - a scarf of resistance (melded)
 D - a +2 hat of intelligence (melded)
 I - the +5 faerie dragon scales (melded) {rN++ rCorr}
   (You took it off the Enchantress on level 2 of the Depths)

   rN:        It greatly protects you from negative energy.
   rCorr:     It protects you from acid and corrosion.
 W - +9 gold dragon scales
Jewellery
 e - the ring "Xeuwalubb" (left foreclaw) {rCorr AC+4 Str+4 Int+2}
   (You found it on level 4 of the Depths)

   [ring of protection]

   AC:        It affects your AC (+4).
   Str:       It affects your strength (+4).
   Int:       It affects your intelligence (+2).
   rCorr:     It protects you from acid and corrosion.
 r - the ring "Vilar" {*Corrode rPois rC+ Will+++ SInv}
   (You found it in the Desolation of Salt)

   [ring of protection from cold]

   rC:        It protects you from cold.
   rPois:     It protects you from poison.
   SInv:      It lets you see invisible.
   *Corrode:  It may corrode you when you take damage.
   Will:      It greatly increases your willpower.
 B - the ring "Ugryal" {Will+ rCorr Int+3 SInv}
   (You found it in the Desolation of Salt)

   [ring of resist corrosion]

   Int:       It affects your intelligence (+3).
   SInv:      It lets you see invisible.
   rCorr:     It protects you from acid and corrosion.
   Will:      It increases your willpower.
 L - the ring "Pubots" (right foreclaw) {Str+5 Int+6}
   (You took it off a deep elf blademaster on level 3 of the Elven Halls)

   [ring of intelligence]

   Str:       It affects your strength (+5).
   Int:       It affects your intelligence (+6).
 P - the amulet of the Four Winds (around neck) {rN+ Will+++ Clar}
   (You took it off a deep elf pyromancer on level 3 of the Elven Halls)

   [amulet of nothing]

   rN:        It protects you from negative energy.
   Clar:      It protects you against confusion.
   Will:      It greatly increases your willpower.
 Y - the ring of Yrobb {Fly rF+ Str+3 Int+2}
   (You took it off a deep elf demonologist on level 3 of the Elven Halls)

   [ring of protection from fire]

   Str:       It affects your strength (+3).
   Int:       It affects your intelligence (+2).
   rF:        It protects you from fire.
   Fly:       It grants you flight.
Wands
 l - a wand of light (17)
 z - a wand of mindburst (26)
 F - a wand of iceblast (37)
 G - a wand of flame (99)
 R - a wand of digging (20)
Scrolls
 h - 14 scrolls of poison
 q - 2 scrolls of summoning
 s - 14 scrolls of teleportation
 A - 6 scrolls of magic mapping
 N - 3 scrolls of fear
 O - a scroll of fog
 T - 12 scrolls of enchant armour
 U - 4 scrolls of silence
 X - 7 scrolls of amnesia
 Z - 3 scrolls of blinking
Potions
 b - 5 potions of brilliance
 d - a potion of experience
 g - 23 potions of curing
 i - 2 potions of berserk rage
 j - 8 potions of mutation
 o - 6 potions of ambrosia
 t - 5 potions of flight
 x - 6 potions of resistance
 C - 8 potions of invisibility
 J - 11 potions of heal wounds
 M - 5 potions of magic
 Q - 4 potions of might
Miscellaneous
 k - a box of beasts
 n - a phantom mirror
 w - a tin of tremorstones (2/2)
 H - a lightning rod (4/4)
 V - a condenser vane


   Skills:
 * Level 14.3 Fighting
 + Level 6.5(9.6) Short Blades
 + Level 10.9(11.7) Long Blades
 + Level 3.5 Throwing
 + Level 3.7 Armour
 * Level 13.2 Dodging
 + Level 5.4 Stealth
 + Level 4.4 Shields
 * Level 11.5 Unarmed Combat
 * Level 20.0 Spellcasting
 * Level 14.8 Conjurations
 * Level 10.1 Translocations
 * Level 9.7 Transmutations
 * Level 11.3 Fire Magic
 * Level 14.1 Air Magic
 + Level 9.0 Poison Magic
 - Level 13.0 Invocations
 + Level 13.2 Evocations


You had 15 spell levels left.
You knew the following spells:

 Your Spells              Type           Power      Damage    Failure   Level
a - Airstrike             Air            57%        2d(9-25)  0%          4
b - Iskenderun's Mystic   Conj/Tloc      100%       2d19      0%          4
c - Starburst             Conj/Fire      56%        6d15      1%          6
d - Poisonous Vapours     Pois/Air       100%       N/A       0%          2
e - Dragon Form           Tmut           50%        N/A       4%          7
f - Magic Dart            Conj           100%       1d8       0%          1
g - Searing Ray           Conj           100%       2d8       0%          2
h - Necromutation         Tmut/Necr      40%        N/A       94%         8
s - Storm Form            Tmut/Air       54%        N/A       1%          7
x - Olgreb's Toxic Radia  Pois           98%        N/A       1%          4
z - Manifold Assault      Tloc           100%       N/A       1%          4

Your spell library contained the following spells:

 Spells                   Type           Power      Damage    Failure   Level
 Apportation              Tloc           100%       N/A       0%          1
 Beastly Appendage        Tmut           100%       N/A       0%          1
 Foxfire                  Conj/Fire      100%       2x1d9     0%          1
 Shock                    Conj/Air       100%       1d9       0%          1
 Sting                    Tmut/Pois      100%       1d8       0%          1
 Blink                    Tloc           100%       N/A       0%          2
 Static Discharge         Conj/Air       100%       2-7/arc   0%          2
 Wereblood                Tmut           100%       N/A       0%          2
 Gell's Gravitas          Tloc           100%       N/A       0%          3
 Ignite Poison            Fire/Tmut/Pois 100%       N/A       0%          3
 Lesser Beckoning         Tloc           100%       N/A       0%          3
 Mephitic Cloud           Conj/Pois/Air  100%       N/A       0%          3
 Swiftness                Air            100%       N/A       0%          3
 Teleport Other           Tloc           100%       N/A       0%          3
 Vhi's Electric Charge    Tloc/Air       100%       N/A       0%          3
 Sticky Flame             Conj/Fire      100%       2d11      0%          4
 Freeze                   Ice            100%       1d11      1%          1
 Necrotise                Necr           100%       1d9       1%          1
 Sandblast                Erth           100%       2d20      1%          1
 Slow                     Hex            100%       N/A       1%          1
 Summon Small Mammal      Summ           100%       N/A       1%          1
 Passwall                 Tmut/Erth      66%        N/A       1%          2
 Sublimation of Blood     Necr           51%        N/A       1%          2
 Confusing Touch          Hex            51%        N/A       1%          3
 Dazzling Flash           Conj/Hex       100%       N/A       1%          3
 Frozen Ramparts          Ice            100%       1d16      1%          3
 Hailstorm                Conj/Ice       92%        3d18      1%          3
 Inner Flame              Hex/Fire       84%        N/A       1%          3
 Ozocubu's Armour         Ice            51%        N/A       1%          3
 Spider Form              Tmut/Pois      99%        N/A       1%          3
 Stone Arrow              Conj/Erth      100%       3d13      1%          3
 Vampiric Draining        Necr           51%        2d9       1%          3
 Fulminant Prism          Conj/Hex       46%        3d21      1%          4
 Passage of Golubria      Tloc           100%       N/A       1%          4
 Petrify                  Tmut/Erth      80%        N/A       1%          4
 Summon Lightning Spire   Summ/Air       90%        N/A       1%          4
 Alistair's Intoxication  Tmut/Pois      66%        N/A       1%          5
 Arcjolt                  Conj/Air       58%        1d68      1%          5
 Blade Hands              Tmut           50%        N/A       1%          5
 Fireball                 Conj/Fire      56%        3d22      1%          5
 Freezing Cloud           Conj/Ice/Air   50%        6-21      1%          5
 Irradiate                Conj/Tmut      54%        3d29      1%          5
 Lightning Bolt           Conj/Air       58%        1d80      1%          5
 Silence                  Hex/Air        45%        N/A       1%          5
 Summon Forest            Summ/Tloc      40%        N/A       1%          5
 Yara's Violent Unravell  Hex/Tmut       40%        3d16      1%          5
 Conjure Ball Lightning   Conj/Air       58%        3x3d21    1%          6
 Dispersal                Tloc           51%        N/A       1%          6
 Iron Shot                Conj/Erth      46%        9d9       1%          6
 Anguish                  Hex/Necr       25%        N/A       2%          4
 Animate Armour           Summ/Erth      100%       N/A       2%          4
 Animate Dead             Necr           51%        N/A       2%          4
 Cause Fear               Hex            25%        N/A       2%          4
 Dispel Undead            Necr           51%        3d19      2%          4
 Leda's Liquefaction      Hex/Erth       25%        N/A       2%          4
 Summon Ice Beast         Ice/Summ       51%        N/A       2%          4
 Maxwell's Capacitive Co  Air            57%        ∞         5%          8
 Statue Form              Tmut/Erth      53%        N/A       6%          6
 Agony                    Necr           51%        N/A       8%          5
 Lee's Rapid Deconstruct  Erth           25%        3d15*     8%          5
 Summon Mana Viper        Hex/Summ       51%        N/A       8%          5
 Spellforged Servitor     Conj/Summ      46%        N/A       12%         7
 Ignition                 Fire           53%        3d15      19%         8
 Disjunction              Tloc           51%        N/A       28%         8
 Death Channel            Necr           25%        N/A       38%         6
 Simulacrum               Ice/Necr       25%        N/A       38%         6
 Summon Cactus Giant      Summ           25%        N/A       38%         6
 Chain Lightning          Conj/Air       58%        3d77      58%         9
 Lehudib's Crystal Spear  Conj/Erth      46%        10d11     65%         8
 Fire Storm               Conj/Fire      56%        8d14      80%         9
 Corpse                   Rot            N/A        N/A       93%         7
 Enfeeble                 Hex            25%        N/A       93%         7
 Haunt                    Necr/Summ      25%        N/A       93%         7
 Monstrous Menagerie      Summ           25%        N/A       93%         7
 Ozocubu's Refrigeration  Ice            25%        4d13      93%         7
 Summon Hydra             Summ           25%        N/A       93%         7
 Borgnjor's Revivificati  Necr           25%        N/A       100%        8
 Discord                  Hex            25%        N/A       100%        8
 Infestation              Necr           25%        N/A       100%        8
 Summon Horrible Things   Summ           25%        N/A       100%        8
 Death's Door             Necr           25%        N/A       100%        9
 Polar Vortex             Ice            25%        N/A       100%        9
 Shatter                  Erth           25%        3d22*     100%        9


Dungeon Overview and Level Annotations

Branches:
Dungeon (15/15)            Temple (1/1) D:4            Lair (5/5) D:10
 Shoals (4/4) Lair:3        Snake (4/4) Lair:3        Slime (0/5) Lair:5
    Orc (2/2) D:10            Elf (3/3) Orc:2        Vaults (5/5) D:13
  Crypt (3/3) Vaults:2       Tomb (0/3) Crypt:3      Depths (4/4) D:15
   Hell (visited)             Coc (0/7) Hell            Zot (2/5) Depths:4
 Bailey (visited)         Desolation (visited)      Gauntlet (visited)
    Dis: Hell:1         Geh: Hell:1         Tar: Hell:1

Altars:
Ashenzari
Cheibriados
Dithmenos
Fedhas
Gozag
Hepliaklqana
Kikubaaqudgha
Makhleb
Nemelex Xobeh
Okawaru
Qazlal
Ru
Sif Muna
Trog
Uskayaw
Vehumet
Wu Jian
Xom
Yredelemnul
Jiyva
Lugonu

Shops:
D:12 !   D:15 (:   Orc:2 :([*   Elf:3 ![=*=*   Shoals:1 ?   Snake:2 =![
Snake:4 (   Vaults:2 :   Vaults:5 [   Depths:4 :==

Portals:
Hell: Lair:5 Depths:1 Depths:2 Depths:3 Depths:4
Abyss: Depths:2 Depths:3
Pandemonium: Depths:2
Ziggurat: Depths:3

Annotations:
D:6 3 runed translucent doors, CannotBeFrozen's ghost, novice DgWr
D:9 2 transporters, anet's ghost, novice DsNe
D:15 exclusions: obsidian statue and orange crystal statue
Lair:5 1 runed translucent door
Elf:2 3 runed translucent doors
Vaults:2 2 transporters, exclusion: obsidian statue
Depths:3 exclusions: daeva and 3 more exclusions
Zot:1 exclusion: orb of fire
Zot:2 Vv


Innate Abilities, Weirdness & Mutations

You are a fearsome dragon!
You have a powerful clawing attack.
Your giant scaled body is strong and resiliant, but less evasive.
You can breathe fire.
You are flying.
Your maximum health is greatly increased.
Your armour is entirely melded.
You are incapable of wielding weapons or throwing items.
((You have hooves in place of feet.))
You are powered by pain.
((You are completely covered in sharp spines.))
Your magical and physical power is enhanced at high health.
((You are completely covered in razor-sharp scales. (AC +3, Slay +3)))
((You have a pair of small horns on your head.))
Your muscles are strong. (Str +4, Int/Dex -1)


Message History

Unknown command.
As you read the scroll of teleportation, it crumbles to dust.
You feel strangely unstable.
You feel the Orb delaying your translocation!
Vv barely misses you. Vv hits you!
You are engulfed in flames!
You resist.
* * * LOW HITPOINT WARNING * * *
The golden dragon breathes fire at you. The bolt of fire hits you. You resist.
* * * LOW HITPOINT WARNING * * *
A tentacled monstrosity comes into view.
Unknown command.
Unknown command.
Unknown command.
Unknown command.
A death cob comes into view.
Vv calls freezing cold from the walls.
The frost grips you!!
You feel a painful chill!
* * * LOW HITPOINT WARNING * * *
You focus on the pain.
You feel your power returning.
You are encased in ice.
A shadow dragon comes into view.
Unknown command.
Unknown command.
Unknown command.
Unknown command.
The ice encasing you melts away.
Vv calls freezing cold from the walls.
The frost grips you!!!
You feel a painful chill!
* * * LOW HITPOINT WARNING * * *
You are encased in ice.
The death cob closely misses you.
A black draconian knight comes into view.
It is wielding a +0 glaive.
The shadow dragon breathes negative energy at you.
The bolt of negative energy hits the death cob.
The death cob completely resists.
The bolt of negative energy misses you.
The black draconian knight casts a spell.
The black draconian knight flickers and vanishes!
Deactivating autopickup; reactivate with Ctrl-A.
The death cob hits you!
You die...

.......
.......
......>
.....
#..##
#.<##
##..##
##..##
##.D##
##zD##
#.D9.#
#.....°#
##...#.{#
##..###.#
##.. #X#
##. #.#
#. .>#


You could see Vv, a shadow dragon, a tentacled monstrosity, a golden dragon and
a death cob.

Vanquished Creatures
  3 ancient liches
  A juggernaut (Depths:3)
  Boris (Depths:4)
  Parghit (Depths:3)
  Saint Roka (Orc:2)
  Margery (Depths:4)
  Geryon (Hell)
  3 caustic shrikes (Depths:2)
  The ghost of Foasmeck the Peltast, a veteran MiFi of Qazlal (Vaults:4)
  4 golden dragons
  Nikola (Elf:1)
  Jory (Depths:3)
  3 bone dragons
  Rupert (Lair:4)
  A walking earthen tome (Depths:2)
  A walking crystal tome (Depths:3)
  6 tentacled monstrosities
  7 liches
  4 deep elf master archers (Elf:3)
  A deep elf blademaster (Elf:3)
  2 titans (Vaults:5)
  Murray (Depths:4)
  Agnes (Snake:2)
  8 sphinxes
  6 tengu reavers
  A death cob (Zot:2)
  5 shadow dragons
  4 storm dragons (Vaults:5)
  4 revenants
  A draconian monk (Zot:1)
  Donald (Elf:1)
  14 nagarajas (Snake:4)
  4 fire giants
  4 imperial myrmidons (Desolation)
  8 frost giants
  An orc warlord (Orc:1)
  9 deep elf sorcerers
  3 balrugs
  2 juggernaut zombies (Depths:1)
  14 vault wardens
  Aizul (Shoals:3)
  3 draconian shifters (Zot:1)
  2 draconian scorchers (Zot:1)
  A caustic shrike zombie (Depths:1)
  21 very ugly things
  18 ironbound preservers
  A curse skull (Crypt:3)
  A deep elf elementalist (Elf:3)
  2 draconian annihilators
  A draconian stormcaller (Depths:4)
  2 ghouls (Crypt:1)
  A cacodemon (Hell)
  7 spriggan defenders
  4 war gargoyles
  5 ironbound thunderhulks
  A reaper (Hell)
  2 juggernaut skeletons (Depths:1)
  8 stone giants
  10 vampire knights
  7 deep elf annihilators (Elf:3)
  2 black draconians
  8 deep elf demonologists (Elf:3)
  A minotaur (Gauntlet)
  A halazid warlock (Desolation)
  13 dire elephants
  Azrael (D:13)
  2 yellow draconians
  A purple draconian (Zot:1)
  An entropy weaver (Vaults:2)
  A red draconian (Zot:1)
  5 white draconians
  7 deep elf death magi
  7 fire dragons
  10 ettins
  7 merfolk javelineers
  4 crystal guardians
  Josephine (Lair:3)
  2 spriggan zombies (Depths:1)
  11 jiangshi
  6 eidola
  7 great orbs of eyes
  14 yaktaur captains
  11 deep elf high priests
  11 merfolk impalers
  4 ice dragons
  36 vault guards
  4 peacekeepers
  5 ragged hierophants (Desolation)
  A hell beast (Depths:3)
  A boulder beetle (shapeshifter) (Vaults:5)
  4 hydras
  Harold (D:10)
  5 spriggan air magi
  A quicksilver dragon skeleton (Depths:1)
  9 servants of whispers (Desolation)
  A catoblepas (Lair:3)
  7 ogre magi
  8 anacondas
  3 salamander tyrants (Snake:4)
  7 boulder beetles
  3 spriggan skeletons (Crypt:3)
  A catoblepas (shapeshifter) (Depths:3)
  3 death knights
  4 merfolk aquamancers
  2 fenstrider witch zombies
  6 ironbound frosthearts
  A bennu zombie (Crypt:2)
  6 centaur warriors
  15 naga warriors
  15 dancing weapons
  5 alligator snapping turtles (Shoals:4)
  Erica (D:8)
  2 tengu warriors (Depths:2)
  8 deep troll shamans
  An alligator (Shoals:4)
  11 death yaks
  12 deep troll earth magi
  An orc high priest (Orc:2)
  Urug (Lair:5)
  9 hell hogs
  11 naga sharpshooters
  4 spriggan berserkers
  9 shock serpents
  5 soul eaters
  A titan zombie (Depths:1)
  Nergalle (Orc:2)
  10 vampire magi
  8 deep elf knights
  4 storm dragon zombies
  14 hell knights
  18 skeletal warriors
  13 iron trolls
  14 sun demons (Hell)
  A fire crab (Lair:3)
  A fire crab (shapeshifter) (D:15)
  6 salamander mystics (Snake:4)
  A sixfirhy (Lair:5)
  A bunyip zombie (Crypt:3)
  A goliath frog (Shoals:4)
  57 deep trolls
  A storm dragon skeleton (Crypt:2)
  24 ironbound convokers
  4 flayed ghosts (Crypt:2)
  5 naga ritualists
  15 phantasmal warriors
  10 sea snakes
  2 glowing orange brains
  A spriggan simulacrum (Hell)
  9 necromancers
  Pikel (D:6)
  11 lindwurms
  5 orc knights
  9 wizards
  2 tengu zombies (Depths:1)
  21 harpies
  A lindwurm (shapeshifter) (Vaults:5)
  11 deep elf archers
  A frost giant zombie (Crypt:2)
  32 deep elf pyromancers
  29 deep elf zephyrmancers
  A stone giant zombie (Vaults:3)
  15 manticores
  3 orc sorcerers
  A wolf spider (Vaults:1)
  5 mana vipers
  41 ugly things
  An iron dragon zombie (Depths:1)
  8 cyclopes
  2 manticores (shapeshifter)
  3 fauns (Shoals:1)
  A fire giant zombie (Crypt:2)
  2 worldbinders (Vaults:1)
  2 tengu skeletons (Depths:1)
  A centaur zombie (Crypt:3)
  4 fire giant skeletons (Crypt:3)
  An elephant (shapeshifter) (Vaults:5)
  10 salamanders
  2 moths of wrath (Zot:1)
  11 elephants
  A salamander (shapeshifter) (Vaults:5)
  11 merfolk sirens
  20 vault sentinels
  23 naga magi
  2 dire elephant zombies
  55 black mambas
  A stone giant skeleton (Vaults:3)
  2 water nymphs
  An iron dragon skeleton (Depths:1)
  A torpor snail (shapeshifter) (Depths:4)
  9 guardian serpents
  6 rust devils
  4 molten gargoyles (Desolation)
  Maurice (D:8)
  14 cane toads
  3 centaur skeletons (Crypt:3)
  5 gargoyles
  Joseph (D:10)
  A hellion (Crypt:1)
  A death yak zombie (Crypt:1)
  5 orange demons
  2 smoke demons
  An unseen horror (shapeshifter) (Elf:3)
  A komodo dragon (shapeshifter) (Elf:3)
  9 komodo dragons
  A demonic crawler (Depths:4)
  2 rime drakes (Lair:5)
  Psyche (D:8)
  A swamp worm zombie (Crypt:2)
  A freezing wraith (D:14)
  An unseen horror (D:11)
  22 yaktaurs
  4 tengu conjurers
  2 efreet
  5 ice devils
  A red devil (Lair:5)
  9 trolls
  2 hydra zombies (Crypt:3)
  A polar bear (shapeshifter) (D:14)
  5 polar bears
  37 merfolk
  7 hornets
  42 saltlings (Desolation)
  A harpy skeleton (Crypt:3)
  An ice dragon zombie (Crypt:3)
  4 wind drakes
  A hydra skeleton (Crypt:3)
  27 slime creatures
  6 dream sheep (Lair:3)
  21 blink frogs
  A black mamba zombie (Crypt:3)
  9 shadows
  2 centaur simulacra
  12 snapping turtles
  A stone giant simulacrum (Hell)
  12 fire dragon skeletons (Crypt:3)
  A jumping spider (shapeshifter) (Elf:2)
  11 water elementals
  An ettin skeleton (Crypt:3)
  A spriggan (shapeshifter) (D:14)
  7 wyverns
  Sigmund (D:4)
  14 wraiths
  3 vampires
  A flying skull (Vaults:2)
  6 humans (D:13)
  3 air elementals
  A ynoxinul (Gauntlet)
  Eustachio (D:3)
  A hog (Vaults:1)
  10 spriggans
  29 yaks
  3 basilisks
  2 fire elementals
  A redback (Vaults:2)
  10 vampire mosquitoes
  Grum (Bailey)
  2 glowing shapeshifter zombies (Depths:1)
  28 nagas
  4 wargs
  Menkaure (D:6)
  18 water moccasins
  4 acid dragons
  A fire bat skeleton (Crypt:2)
  11 hell hounds
  A merfolk skeleton (Crypt:2)
  32 orc warriors
  4 black bears
  2 ice beasts
  A manticore zombie (Crypt:1)
  5 ogres
  23 wolves
  12 boggarts
  10 centaurs
  A swamp dragon skeleton (Crypt:3)
  2 phantoms
  Blork the orc (D:6)
  2 kobold brigands (D:10)
  10 bullfrogs
  A salamander zombie (Crypt:1)
  8 gnoll sergeants
  A necrophage (Crypt:1)
  4 scorpions
  A draconian skeleton (Crypt:2)
  9 killer bees
  4 howler monkeys
  5 electric eels
  A vampire bat (Vaults:1)
  A human simulacrum (Vaults:3)
  3 iron imps (Gauntlet)
  24 orc priests
  6 gnoll boudas
  11 hounds
  An iguana (D:5)
  2 jellies (D:6)
  30 orc wizards
  6 hell rats
  3 polar bear simulacra (Lair:2)
  2 yak simulacra (Lair:2)
  Natasha (thrice) (D:3)
  2 wolf simulacra (Lair:2)
  2 naga zombies
  7 adders
  A howler monkey skeleton (Crypt:1)
  21 gnolls
  8 river rats (Lair:3)
  An adder zombie (Crypt:2)
  A worm (D:12)
  2 dart slugs
  93 orcs
  11 ball pythons
  6 bats
  9 endoplasms
  6 giant cockroaches
  7 goblins
  5 hobgoblins
  7 jackals
  13 kobolds
  4 quokkas
  4 frilled lizards
  8 rats
  4 river rat simulacra (Lair:2)
  A river rat skeleton (Crypt:2)
2114 creatures vanquished.

Vanquished Creatures (collateral kills)
  Frederick (Vaults:4)
  A caustic shrike (Depths:2)
  the Enchantress (Depths:2)
  A shadow dragon (Depths:4)
  3 very ugly things (Depths:1)
  A stone giant (Depths:2)
  2 ice dragons
  A spriggan air mage (Depths:1)
  A naga warrior (Snake:1)
  2 deep troll earth magi
  A deep troll shaman (Depths:1)
  2 iron trolls
  A glowing orange brain (Depths:1)
  4 deep trolls
  6 ugly things
  A hornet (Depths:3)
  An ice dragon zombie (Depths:1)
  A spriggan (Depths:1)
  3 nagas
34 creatures vanquished.

Vanquished Creatures (others)
  A caustic shrike zombie (Depths:2)
  A juggernaut zombie (Depths:3)
  2 very ugly thing zombies (Depths:3)
  A titan zombie (Vaults:5)
  A deep elf knight (Elf:2)
  A golden dragon zombie (Depths:4)
  4 ugly thing zombies
  A stone giant zombie (Depths:1)
  A salamander (Snake:2)
  A human zombie (Vaults:5)
  A cane toad (shapeshifter) (Elf:1)
  2 iron troll zombies (Depths:3)
  10 spriggan zombies
  A merfolk zombie (Depths:4)
  An ice dragon zombie (Depths:1)
  5 deep troll zombies
  A fire elemental (Elf:1)
  A human (D:13)
  An ogre zombie (Vaults:5)
  A hornet zombie (Depths:3)
  A howler monkey (D:8)
  An orc wizard (D:10)
  39 fungi
  92 plants
  67 withered plants
238 creatures vanquished.

Grand Total: 2386 creatures vanquished

Notes
Turn   | Place    | Note
-------+----------+-------------------------------------------
     0 | D:1      | Morbidden the Demonspawn Conjurer began the quest for the
                  | Orb.
     0 | D:1      | Reached XP level 1. HP: 13/13 MP: 3/3
   327 | D:1      | Gained mutation: You are partially covered in razor-sharp
                  | scales. (AC +1, Slay +1) [demonic ancestry]
   327 | D:1      | Reached XP level 2. HP: 20/20 MP: 3/5
   495 | D:1      | Learned a level 2 spell: Searing Ray
   598 | D:1      | Reached skill level 1 in Fighting
  1075 | D:1      | Reached XP level 3. HP: 26/26 MP: 2/6
  1285 | D:1      | You fall into a shaft and drop 1 floor!
  1570 | D:2      | Found the +7 Singing Sword {vorpal, sonic wave}
  1915 | D:2      | Found a faded altar of an unknown god.
  2319 | D:3      | Noticed Natasha
  2330 | D:3      | Killed Natasha
  2331 | D:3      | Gained mutation: You are mostly covered in razor-sharp
                  | scales. (AC +2, Slay +2) [demonic ancestry]
  2331 | D:3      | Reached XP level 4. HP: 23/32 MP: 1/7
  2469 | D:3      | Noticed Natasha
  2476 | D:3      | Killed Natasha
  2759 | D:3      | Learned a level 2 spell: Poisonous Vapours
  2919 | D:3      | Noticed Natasha
  2929 | D:3      | Killed Natasha
  2930 | D:3      | Gained mutation: You have large cloven feet. [demonic
                  | ancestry]
  2930 | D:3      | Reached XP level 5. HP: 33/37 MP: 1/8
  3747 | D:4      | Noticed Sigmund
  3750 | D:4      | Noticed a phantom
  3805 | D:4      | Noticed Eustachio
  3983 | D:3      | Killed a phantom
  3984 | D:3      | Reached skill level 5 in Conjurations
  3984 | D:3      | Reached XP level 6. HP: 13/43 MP: 0/9
  4785 | D:3      | Killed Eustachio
  4786 | D:3      | Reached skill level 1 in Short Blades
  4786 | D:3      | Reached skill level 1 in Poison Magic
  5067 | D:4      | Killed Sigmund
  5068 | D:4      | Reached skill level 3 in Spellcasting
  5068 | D:4      | Gained mutation: You have hoof-like feet. [demonic
                  | ancestry]
  5068 | D:4      | Reached XP level 7. HP: 50/50 MP: 1/11
  5910 | D:4      | Found a staircase to the Ecumenical Temple.
  5958 | Temple   | Entered the Ecumenical Temple
  6158 | Temple   | Became a worshipper of Cheibriados the Contemplative
  6294 | D:4      | Found a basalt altar of Yredelemnul.
  6303 | D:4      | Found a sparkling altar of Nemelex Xobeh.
  6309 | D:4      | Learned a level 4 spell: Olgreb's Toxic Radiance
  6337 | D:5      | Entered Level 5 of the Dungeon
  6376 | D:5      | Found a blossoming altar of Fedhas.
  7121 | D:5      | Reached skill level 1 in Armour
  7121 | D:5      | Reached skill level 1 in Invocations
  7184 | D:5      | Reached skill level 1 in Air Magic
  7184 | D:5      | Reached XP level 8. HP: 57/57 MP: 6/13
  7261 | D:5      | Reached skill level 1 in Evocations
  7924 | D:6      | Reached * piety under Cheibriados
  7925 | D:6      | Reached skill level 1 in Throwing
  8042 | D:6      | Reached skill level 4 in Spellcasting
  8104 | D:6      | Noticed Blork the orc
  8115 | D:6      | Killed Blork the orc
  8198 | D:6      | Noticed Pikel
  8203 | D:6      | Gained mutation: Your magical capacity is low. (-10% MP)
                  | [potion of mutation]
  8203 | D:6      | Gained mutation: You have a pair of small horns on your
                  | head. [potion of mutation]
  8204 | D:6      | Lost mutation: You have a pair of small horns on your head.
                  | [potion of mutation]
  8204 | D:6      | Lost mutation: Your magical capacity is low. (-10% MP)
                  | [potion of mutation]
  8204 | D:6      | Gained mutation: You are dopey. (Int -2) [potion of
                  | mutation]
  8205 | D:6      | Lost mutation: You are dopey. (Int -2) [potion of mutation]
  8205 | D:6      | Gained mutation: Your muscles are strong. (Str +4, Int/Dex
                  | -1) [potion of mutation]
  8205 | D:6      | Gained mutation: You have a pair of small horns on your
                  | head. [potion of mutation]
  8211 | D:6      | Killed Pikel
  8212 | D:6      | Reached skill level 5 in Dodging
  8212 | D:6      | Reached XP level 9. HP: 55/65 MP: 3/15
  8321 | D:6      | Found the +4 robe of Augmentation {Str+4 Int+4 Dex+4}
  8831 | D:6      | Noticed Menkaure
  8840 | D:6      | Killed Menkaure
  8930 | D:6      | Found a runed translucent gate.
  8931 | D:6      | Found a runed translucent gate.
  8931 | D:6      | Noticed a kobold demonologist
  8932 | D:6      | Found a runed translucent gate.
  8933 | D:6      | Noticed CannotBeFrozen's ghost (novice DgWr)
  9188 | D:7      | Learned a level 4 spell: Iskenderun's Mystic Blast
  9438 | D:7      | Found a radiant altar of Vehumet.
  9548 | D:7      | Reached ** piety under Cheibriados
  9693 | D:7      | Noticed a cyclops
  9702 | D:7      | Killed a cyclops
  9703 | D:7      | Reached skill level 5 in Fighting
  9703 | D:7      | Reached skill level 5 in Spellcasting
  9703 | D:7      | Reached skill level 1 in Translocations
 10576 | D:8      | Noticed Erica
 10580 | D:8      | Noticed Psyche
 10587 | D:8      | Reached XP level 10. HP: 48/74 MP: 9/18
 10591 | D:8      | Killed Psyche
 10596 | D:8      | Killed Erica
 10603 | D:8      | Identified the +1 chain mail of a volcano {Harm *Slow rF+}
 10934 | D:8      | Identified 2 scrolls of acquirement
 10935 | D:8      | Acquired a +2 hat
 10943 | D:8      | Acquired the ring "Sato" {rElec rPois rN+}
 10949 | D:8      | Noticed Maurice
 10963 | D:8      | Killed Maurice
 10964 | D:8      | Reached skill level 1 in Long Blades
 10964 | D:8      | Reached skill level 6 in Spellcasting
 11183 | D:8      | Reached skill level 5 in Invocations
 11573 | D:9      | Found a transporter.
 11575 | D:9      | Reached *** piety under Cheibriados
 11586 | D:9      | Noticed anet's ghost (novice DsNe)
 11587 | D:9      | Found a transporter.
 11722 | D:9      | Found a flagged portal.
 11737 | Bailey   | Entered a bailey
 12377 | Bailey   | Reached **** piety under Cheibriados
 12622 | Bailey   | Noticed Grum
 12635 | Bailey   | Killed Grum
 13048 | D:9      | Gained mutation: You sometimes gain a little power by
                  | taking damage. [demonic ancestry]
 13048 | D:9      | Reached XP level 11. HP: 47/80 MP: 7/21
 13260 | D:9      | Reached ***** piety under Cheibriados
 13902 | D:10     | Entered Level 10 of the Dungeon
 13902 | D:10     | Noticed Harold
 13909 | D:10     | Killed Harold
 13910 | D:10     | Reached skill level 7 in Spellcasting
 14025 | D:10     | Noticed a purple ugly thing
 14035 | D:10     | Killed a purple ugly thing
 14036 | D:10     | Reached skill level 5 in Poison Magic
 14496 | D:10     | Noticed Joseph
 14503 | D:10     | Killed Joseph
 14588 | D:10     | Found a staircase to the Orcish Mines.
 14758 | D:10     | Found a staircase to the Lair.
 15299 | D:10     | Noticed a cyan ugly thing
 15308 | D:10     | Killed a cyan ugly thing
 15674 | Lair:1   | Entered Level 1 of the Lair of Beasts
 15710 | Lair:1   | Identified the +5 trident "Reikk" {vorpal, MP+9}
 15736 | Lair:1   | Reached skill level 8 in Spellcasting
 15749 | Lair:1   | Reached skill level 5 in Evocations
 15883 | Lair:1   | Reached ****** piety under Cheibriados
 15884 | Lair:1   | Gained mutation: You sometimes gain power by taking damage.
                  | [demonic ancestry]
 15884 | Lair:1   | Reached XP level 12. HP: 88/88 MP: 10/24
 16631 | Lair:2   | Found a gate leading to a gauntlet.
 16640 | Gauntlet | Entered a Gauntlet
 16640 | Gauntlet | Found a transporter.
 16640 | Gauntlet | Found a transporter.
 16646 | Gauntlet | Found a transporter.
 16649 | Gauntlet | Noticed a tengu warrior
 16667 | Gauntlet | Found a transporter.
 16673 | Gauntlet | Noticed a death yak
 16674 | Gauntlet | Noticed a death yak
 16674 | Gauntlet | Noticed a death yak
 16674 | Gauntlet | Noticed a death yak
 16674 | Gauntlet | Noticed a death yak
 16674 | Gauntlet | Noticed a death yak
 16675 | Gauntlet | Found a transporter.
 16675 | Gauntlet | Found a transporter.
 16675 | Gauntlet | Found a transporter.
 16677 | Gauntlet | Found a transporter.
 16677 | Gauntlet | Found a transporter.
 16679 | Gauntlet | Noticed a ghost crab
 16689 | Gauntlet | Found a transporter.
 16704 | Gauntlet | Found a runed translucent gate.
 16705 | Gauntlet | Found a transporter.
 16705 | Gauntlet | Found a runed translucent gate.
 16706 | Gauntlet | Found a runed translucent gate.
 16713 | Gauntlet | Found a runed translucent door.
 16715 | Gauntlet | Found a transporter.
 16717 | Gauntlet | Found a runed translucent door.
 16727 | Gauntlet | Noticed a great orb of eyes
 16729 | Gauntlet | Found a transporter.
 16749 | Gauntlet | Found a transporter.
 16870 | Gauntlet | Killed a death yak
 16871 | Gauntlet | Killed a death yak
 16874 | Gauntlet | Killed a death yak
 16875 | Gauntlet | Reached skill level 9 in Spellcasting
 16876 | Gauntlet | Killed a death yak
 16878 | Gauntlet | Killed a death yak
 16881 | Gauntlet | Killed a death yak
 16900 | Gauntlet | Identified the ring of Liatig {Contam rN++ Will++ Dex+6}
 16902 | Gauntlet | Identified the +0 pair of gloves of Parts Unknown {Str+5}
 16998 | Gauntlet | Killed a great orb of eyes
 17242 | Gauntlet | Noticed a minotaur
 17263 | Gauntlet | Killed a minotaur
 17357 | Gauntlet | Got the Papyrus of the Shifting Volcanoes
 17503 | Lair:2   | Learned a level 6 spell: Starburst
 18084 | Lair:2   | Reached XP level 13. HP: 62/96 MP: 9/26
 18458 | Lair:3   | Reached skill level 1 in Fire Magic
 18524 | Lair:3   | Found a staircase to the Shoals.
 18573 | Lair:3   | Found a staircase to the Snake Pit.
 18581 | Lair:3   | Reached skill level 10 in Spellcasting
 18794 | Lair:3   | Reached skill level 5 in Translocations
 19092 | Lair:3   | Reached skill level 5 in Short Blades
 19431 | Lair:3   | Noticed Josephine
 19446 | Lair:3   | Killed Josephine
 20176 | Lair:4   | Noticed Rupert
 20203 | Lair:4   | Killed Rupert
 20814 | Lair:5   | Entered Level 5 of the Lair of Beasts
 20825 | Lair:5   | Reached skill level 11 in Spellcasting
 20825 | Lair:5   | Reached XP level 14. HP: 87/103 MP: 20/29
 20902 | Lair:5   | Noticed Urug
 20915 | Lair:5   | Killed Urug
 21204 | Lair:5   | Reached skill level 5 in Long Blades
 21315 | Lair:5   | Found a runed translucent door.
 21319 | Lair:5   | Found a viscous altar of Jiyva.
 21320 | Lair:5   | Found a staircase to the Slime Pits.
 21320 | Lair:5   | Noticed an azure jelly
 21320 | Lair:5   | Noticed an azure jelly
 21721 | Lair:5   | Found an ornate altar of the Wu Jian Council.
 21721 | Lair:5   | Found a hide-covered altar of Uskayaw.
 22221 | Lair:5   | Found a burning altar of Makhleb.
 22253 | Lair:5   | Found a gateway to Hell.
 22725 | D:11     | Learned a level 7 spell: Storm Form
 22736 | D:11     | Found a portal to a secret trove of treasure.
 23743 | D:12     | Identified the +8 rapier "Decomn" {vorpal, *Noise rPois
                  | Str+4 Int+2}
 23757 | D:12     | Reached skill level 12 in Spellcasting
 23953 | D:12     | Found Zoaranum's Distillery.
 23967 | D:12     | Bought 2 potions of heal wounds for 110 gold pieces
 23967 | D:12     | Bought a potion of heal wounds for 55 gold pieces
 24275 | D:12     | Found a snail-covered altar of Cheibriados.
 24687 | D:13     | Noticed Azrael
 24698 | D:13     | Killed Azrael
 25426 | D:13     | Gained mutation: You have hooves in place of feet. [demonic
                  | ancestry]
 25426 | D:13     | Reached XP level 15. HP: 76/110 MP: 2/31
 25859 | D:13     | Found a gate to the Vaults.
 25865 | D:13     | Reached skill level 1 in Transmutations
 27093 | D:14     | Found a radiant altar of Vehumet.
 27095 | D:14     | Found a stormy altar of Qazlal.
 27095 | D:14     | Found a shadowy altar of Dithmenos.
 27097 | D:14     | Found an ornate altar of the Wu Jian Council.
 27097 | D:14     | Found a stormy altar of Qazlal.
 27097 | D:14     | Found a shimmering altar of Xom.
 27697 | D:15     | Entered Level 15 of the Dungeon
 27831 | D:15     | Identified the +4 spear of the Leaping Seeker {vorpal,
                  | rPois Str+3 Dex+3}
 28252 | D:15     | Found a staircase to the Depths.
 28275 | D:15     | Found Feobb's Weapon Shop.
 28500 | D:15     | Reached skill level 10 in Invocations
 29061 | D:15     | Found Jysorr's Book Boutique.
 29334 | Orc:1    | Entered Level 1 of the Orcish Mines
 29592 | Orc:2    | Entered Level 2 of the Orcish Mines
 29999 | Orc:2    | Noticed Nergalle
 30012 | Orc:2    | Killed Nergalle
 30076 | Orc:2    | Noticed Saint Roka
 30093 | Orc:2    | Killed Saint Roka
 30094 | Orc:2    | Reached skill level 10 in Conjurations
 30293 | Orc:2    | Found Nufuru Obbe's General Store.
 30299 | Orc:2    | Found Suzxufop's Book Emporium.
 30461 | Orc:2    | Found a staircase to the Elven Halls.
 30721 | Orc:2    | Found Kouxefra's Antique Weapon Emporium.
 30783 | Orc:2    | Found Naodydghu's Antique Armour Emporium.
 30896 | Orc:1    | Reached skill level 13 in Spellcasting
 30901 | Orc:1    | Noticed an orc warlord
 30915 | Orc:1    | Killed an orc warlord
 31525 | Snake:1  | Entered Level 1 of the Snake Pit
 32400 | Snake:1  | Gained mutation: You are completely covered in razor-sharp
                  | scales. (AC +3, Slay +3) [demonic ancestry]
 32400 | Snake:1  | Reached XP level 16. HP: 119/119 MP: 33/33
 33163 | Snake:1  | Reached skill level 1 in Shields
 33900 | Snake:2  | Identified the +3 hand axe of Cheese {flame, rF+ Str+3
                  | Stlth+}
 34030 | Snake:2  | Found Sasoih's Jewellery Shoppe.
 34067 | Snake:2  | Reached skill level 5 in Fire Magic
 34321 | Snake:2  | Noticed Agnes
 34325 | Snake:2  | Killed Agnes
 34708 | Snake:2  | Found Cawab's Armour Shop.
 34714 | Snake:2  | Found Ruramih's Distillery.
 34723 | Snake:2  | Bought a +2 pair of gloves of infusion for 365 gold pieces
 35416 | Snake:3  | Reached skill level 1 in Unarmed Combat
 35773 | Snake:3  | Learned a level 4 spell: Manifold Assault
 37423 | Snake:4  | Entered Level 4 of the Snake Pit
 37694 | Snake:4  | Found Iceysseen's Weapon Emporium.
 37956 | Snake:4  | Gained mutation: You are partially covered in sharp spines.
                  | [demonic ancestry]
 37956 | Snake:4  | Reached XP level 17. HP: 121/126 MP: 9/34
 38513 | Snake:4  | Reached skill level 5 in Air Magic
 39279 | Snake:4  | Got a serpentine rune of Zot
 40031 | Snake:4  | Reached skill level 14 in Spellcasting
 41056 | Shoals:1 | Entered Level 1 of the Shoals
 41117 | Shoals:1 | Found Edit Baj's Magic Scroll Emporium.
 41229 | Shoals:1 | Bought a scroll of teleportation for 45 gold pieces
 44216 | Shoals:3 | Noticed Aizul
 44228 | Shoals:3 | Killed Aizul
 44575 | Shoals:3 | Gained mutation: You are powered by pain. [demonic
                  | ancestry]
 44575 | Shoals:3 | Reached XP level 18. HP: 128/134 MP: 12/36
 44753 | Shoals:4 | Entered Level 4 of the Shoals
 45144 | Shoals:4 | Reached skill level 10 in Fighting
 45373 | Shoals:4 | Learned a level 4 spell: Airstrike
 45727 | Shoals:4 | Identified the amulet "Vidoap" {Faith rPois Str+3}
 46127 | Shoals:4 | Reached skill level 10 in Dodging
 46128 | Shoals:4 | Reached skill level 5 in Transmutations
 46387 | Shoals:4 | Got a barnacled rune of Zot
 47818 | Shoals:4 | Got the Parchment of the Crypt and Hexing
 48267 | Shoals:4 | Got the Opusculum on Blazing Superposition
 48769 | Elf:1    | Entered Level 1 of the Elven Halls
 49337 | Elf:1    | Noticed Donald
 49346 | Elf:1    | Killed Donald
 49361 | Elf:1    | Noticed Nikola
 49379 | Elf:1    | Killed Nikola
 50151 | Elf:1    | Reached skill level 15 in Spellcasting
 50429 | Elf:2    | Found a crumbling gateway.
 50441 | Desolati | Entered the Desolation of Salt
 50861 | Desolati | Got Sif Muna's Folio of the Vexing Mortuary
 50911 | Desolati | Gained mutation: You are mostly covered in sharp spines.
                  | [demonic ancestry]
 50911 | Desolati | Reached XP level 19. HP: 99/139 MP: 4/38
 51843 | Desolati | Identified the +0 scale mail of the Burning Gods {Will+
                  | Int+3}
 51843 | Desolati | Identified the amulet "Kuusm" {Acrobat Slay+2}
 52005 | Desolati | Got the Almanac of Algid Arcane Weapons
 52013 | Desolati | Got the Atlas of the Flamy Glacier
 52016 | Desolati | Identified the ring "Xyimi" {Str+4 Int+6}
 52356 | Desolati | Identified the ring "Vilar" {*Corrode rPois rC+ Will+++
                  | SInv}
 52358 | Desolati | Identified the ring "Diat" {Fire rElec rCorr Int+2}
 52361 | Desolati | Identified the ring "Ugryal" {Will+ rCorr Int+3 SInv}
 53511 | Elf:2    | Paralysed by an air elemental for 1 turns
 53570 | Elf:2    | Reached skill level 10 in Evocations
 54026 | Elf:2    | Found a runed translucent gate.
 54026 | Elf:2    | Found a runed translucent gate.
 54026 | Elf:2    | Found a runed translucent gate.
 54520 | Elf:3    | Entered Level 3 of the Elven Halls
 54694 | Elf:3    | Found Tuxey's Distillery.
 54829 | Elf:3    | Found Teduim's Antique Armour Shoppe.
 54830 | Elf:3    | Found Xoczon's General Store.
 54830 | Elf:3    | Found Qyriqokk's Jewellery Shoppe.
 54833 | Elf:3    | Found Jowor's Jewellery Emporium.
 55527 | Elf:3    | Found Jaohowua's Assorted Antiques.
 55903 | Elf:3    | Reached skill level 5 in Unarmed Combat
 55910 | Elf:3    | Identified the +10 flail "Hiydwucw" {pain, Drain Dex+4}
 55910 | Elf:3    | Identified the ring of Yrobb {Fly rF+ Str+3 Int+2}
 55922 | Elf:3    | HP: 3/142 [deep elf high priest/damnation (28)]
 56284 | Elf:3    | Identified the +6 hand axe "Ruick" {drain, rCorr Str+5}
 56289 | Elf:3    | Identified the ring "Pubots" {Str+5 Int+6}
 56295 | Elf:3    | Identified the +6 flail of Distraction {drain, *Rage Dex+4}
 56509 | Elf:3    | Identified the ring "Nemoacen" {Int+6 Dex+6}
 56812 | Elf:3    | Gained mutation: Your magical and physical power is
                  | slightly enhanced at high health. [demonic ancestry]
 56812 | Elf:3    | Reached XP level 20. HP: 86/150 MP: 27/39
 57067 | Elf:3    | Identified the amulet "Eterisykh" {Faith Rampage Will++
                  | Str+4}
 57082 | Elf:3    | Reached skill level 16 in Spellcasting
 57878 | Elf:3    | Identified the +6 war axe of Umeenk {freeze, rF+ Str+3}
 58089 | Elf:3    | Got Huarr's Discourse on the Snake and Blasphemous Magic
 58510 | Vaults:1 | Entered Level 1 of the Vaults
 60569 | Vaults:1 | Got the Spellbook of the Congregation
 60617 | Vaults:1 | Got Vyharph's Guide on Evolution
 62459 | Vaults:2 | Identified the +3 hand axe of the Eleven Princes {vorpal,
                  | Int+4}
 62540 | Vaults:2 | Found Osoahokk's Book Boutique.
 63266 | Vaults:2 | Found a transporter.
 63277 | Vaults:2 | Found a transporter.
 63851 | Vaults:2 | Found a staircase to the Crypt.
 64100 | Vaults:2 | Reached XP level 21. HP: 149/158 MP: 10/41
 65892 | Vaults:3 | You fall into a shaft and drop 1 floor!
 66025 | Vaults:4 | Noticed Frederick
 66035 | Vaults:4 | Killed Frederick
 66036 | Vaults:4 | Reached skill level 10 in Long Blades
 66840 | Vaults:3 | Reached skill level 17 in Spellcasting
 67126 | D:15     | Bought a book of Transfigurations for 720 gold pieces
 67134 | D:15     | Learned a level 7 spell: Dragon Form
 69198 | Vaults:4 | Found a runed translucent door.
 69198 | Vaults:4 | Noticed Foasmeck's ghost (veteran MiFi)
 69796 | Vaults:4 | Killed Foasmeck's ghost
 69808 | Vaults:4 | Upgraded the game from 0.29-a0-892-g2c4c91d9db to
                  | 0.29-a0-902-g0f71de6fce
 70035 | Crypt:1  | Entered Level 1 of the Crypt
 70119 | Crypt:1  | Reached skill level 5 in Stealth
 70867 | Crypt:1  | Found a transporter.
 70896 | Crypt:1  | Found an ancient bone altar of Kikubaaqudgha.
 71012 | Crypt:1  | Found a transporter.
 71294 | Crypt:1  | Noticed an ancient lich
 71304 | Crypt:1  | Killed an ancient lich
 71440 | Crypt:1  | Identified the ring "Xalegeif" {rF+ Int+4}
 71460 | Crypt:1  | Identified the ring "Naririti" {Ice Int+6}
 71594 | Crypt:2  | Gained mutation: You are completely covered in sharp
                  | spines. [demonic ancestry]
 71594 | Crypt:2  | Reached XP level 22. HP: 167/167 MP: 28/43
 71946 | Crypt:2  | Identified the +1 chain mail "Yschycec" {rPois}
 72471 | Crypt:2  | Reached skill level 10 in Air Magic
 72826 | Crypt:3  | Entered Level 3 of the Crypt
 74353 | Crypt:3  | Found the +3 pair of gauntlets of War {Slay+5}
 75009 | Crypt:3  | Identified the ring of Xiyts {Drain rN+ rCorr MP+9 Int+3}
 75009 | Crypt:3  | Identified the amulet of Weaxemug {Rampage Regen+ SInv
                  | Stlth+}
 75009 | Crypt:3  | Identified the ring "Itorum" {rN+ Int+3}
 75108 | Crypt:3  | Reached skill level 10 in Translocations
 75186 | Crypt:3  | Found a staircase to the Tomb.
 75482 | Crypt:3  | Noticed an ancient lich
 75487 | Crypt:3  | Killed an ancient lich
 76191 | Depths:1 | Entered Level 1 of the Depths
 76822 | Depths:1 | Found the +9 sword of Zonguldrok {reap}
 77086 | Depths:1 | Reached skill level 18 in Spellcasting
 78172 | Depths:2 | Noticed the Enchantress
 78187 | Depths:2 | Killed the Enchantress
 78189 | Depths:2 | Reached XP level 23. HP: 61/174 MP: 33/45
 78292 | Depths:2 | Noticed a caustic shrike
 78295 | Depths:2 | Noticed a caustic shrike
 78296 | Depths:2 | Noticed a caustic shrike
 78296 | Depths:2 | Killed a caustic shrike
 78619 | Depths:2 | Killed a caustic shrike
 78624 | Depths:2 | Killed a caustic shrike
 78945 | Depths:2 | Found a one-way gate to the infinite horrors of the Abyss.
 79864 | Depths:2 | Found a one-way gate leading to the halls of Pandemonium.
 79876 | Depths:2 | Noticed a caustic shrike
 79879 | Depths:2 | Killed a caustic shrike
 80203 | Depths:2 | Acquired 945 gold pieces
 80768 | Depths:3 | Reached skill level 10 in Fire Magic
 81068 | Depths:3 | Noticed a juggernaut
 81085 | Depths:3 | Found a corrupted altar of Lugonu.
 81258 | Depths:3 | Killed a juggernaut
 81293 | Depths:3 | Noticed Jory
 81309 | Depths:3 | Killed Jory
 81779 | Depths:3 | Found a one-way gateway to a ziggurat.
 81780 | Depths:3 | Noticed Parghit
 82605 | Depths:3 | Identified the +3 eveningstar "Bung" {drain, rF+ rC- Dex+3}
 82771 | Depths:3 | Killed Parghit
 83445 | Depths:3 | Upgraded the game from 0.29-a0-902-g0f71de6fce to
                  | 0.29-a0-986-gdf0a18e73c
 83445 | Depths:3 | Upgraded the game from 0.29-a0-986-gdf0a18e73c to
                  | 0.29-a0-1027-gcd8c55af63
 83508 | Depths:4 | Entered Level 4 of the Depths
 83538 | Depths:4 | Upgraded the game from 0.29-a0-1027-gcd8c55af63 to
                  | 0.30-a0-5-g3a90980b9d
 83807 | Depths:4 | Found a gate to the Realm of Zot.
 83821 | Depths:4 | Reached skill level 19 in Spellcasting
 84345 | Depths:4 | Identified the ring "Xeuwalubb" {rCorr AC+4 Str+4 Int+2}
 85080 | Depths:4 | Noticed Margery
 85085 | Depths:4 | Killed Margery
 85110 | Depths:4 | Gained mutation: Your magical and physical power is
                  | enhanced at high health. [demonic ancestry]
 85110 | Depths:4 | Reached XP level 24. HP: 73/182 MP: 46/46
 86018 | Depths:4 | Found Qeniwk's Jewellery Boutique.
 86019 | Depths:4 | Found Kalir's Book Emporium.
 86021 | Depths:4 | Found Saudiogg's Jewellery Boutique.
 86022 | Depths:4 | Noticed Boris
 86031 | Depths:4 | Killed Boris
 86032 | Depths:4 | Reached skill level 10 in Unarmed Combat
 86375 | Hell     | Entered the Vestibule of Hell
 86375 | Hell     | Noticed Geryon
 86375 | Hell     | Found a gateway to the freezing wastes of Cocytus.
 86490 | Hell     | Noticed Murray
 86512 | Depths:4 | Killed Murray
 86828 | Hell     | Killed Geryon
 87504 | D:11     | You paid a toll of a +4 demon whip to enter a treasure
                  | trove
 87505 | Trove    | Entered a treasure trove
 87528 | Trove    | Found the +3 Mad Mage's Maulers {Infuse+∞ RegenMP Int-3}
 87555 | Trove    | Identified the amulet "Xugiwnem" {Regen+ Str+4}
 87561 | Trove    | Identified the amulet of Lugusev {Will++ Regen+}
 87969 | Vaults:5 | Entered Level 5 of the Vaults
 87990 | Vaults:5 | Noticed an ancient lich
 87996 | Vaults:5 | Killed an ancient lich
 88262 | Vaults:5 | Identified the ring of Icu Ciutz {+Blink rC+ Str+7 Dex-5
                  | SInv}
 89077 | Vaults:5 | Identified the +3 steam dragon scales of Damp Lucidity
                  | {Harm Rampage rF- rN+}
 89261 | Vaults:5 | Identified the ring "Xodoos" {*Slow rN++ rCorr}
 89279 | Vaults:5 | Reached XP level 25. HP: 92/191 MP: 14/46
 89652 | Vaults:5 | Found Godas's Antique Armour Shoppe.
 89911 | Vaults:5 | Identified the +8 dagger of Xutoz {vorpal, *Rage Fly rPois
                  | Stlth+}
 89914 | Vaults:5 | Got a silver rune of Zot
 90109 | Vaults:5 | Identified the amulet of Zeleih {RegenMP Int+4}
 90204 | Vaults:5 | Upgraded the game from 0.30-a0-5-g3a90980b9d to
                  | 0.30-a0-190-g22c9a3c0ff
 90235 | Vaults:5 | Identified the +6 scimitar "Nununkath" {pain, Will+ Dex+4}
 90304 | Vaults:5 | Got Gafim's Lessons on Intoxication
 90717 | Zot:1    | Entered Level 1 of the Realm of Zot
 90953 | Zot:1    | Learned a level 8 spell: Necromutation
 91269 | Zot:1    | Reached skill level 20 in Spellcasting
 91536 | Zot:1    | Noticed an orb of fire
 92130 | Zot:2    | Noticed Vv
 92135 | Zot:2    | HP: 5/286 [Vv/creeping frost (38)]
 92135 | Zot:2    | Mangled by a death cob

Illustrated notes

Levels and vault maps discovered:
D:1:      minmay_arrival_four_houses, layout_loops_ring, kennysheep_small_spiral
D:2:      layout_basic, ebering_ecumenical_altar_box, lemuel_flame_loot_1
D:3:      layout_basic, minivault_5, uniq_natasha
D:4:      layout_rooms, mainiacjoe_overflow_swirl,
          minmay_temple_entry_enclosed_plants,
          eino_small_chamber_without_monster, uniq_eustachio, uniq_sigmund
D:5:      layout_gridville, mainiacjoe_overflow_small_starburst,
          amcnicky_mini_corridor_feature
D:6:      layout_loops_cross, gammafunk_ghost_nasty_kobolds,
          hangedman_decor_lopped, serial_park_tiny_pond, kennysheep_path_1,
          uniq_blork_the_orc, uniq_pikel, uniq_menkaure
D:7:      lemuel_ice_spiral_2, layout_rooms,
          mainiacjoe_overflow_concentric_impassable, kb_rosetta
D:8:      layout_rooms, nicolae_grassy_gnolls, uniq_maurice, uniq_psyche,
          uniq_erica
D:9:      layout_roguey, gammafunk_ghost_arena, enter_bailey_4,
          nrook_mini_backslash, nicolae_kite_square_tiling_tiny
D:10:     layout_long_grid, erik_lair_island, hiddenorc1_lemuel,
          lightli_fourway_metalbox, uniq_grum, uniq_harold, uniq_joseph
D:11:     nicolae_cairo_tiling, layout_basic, nicolae_trove_entry_free_sample
D:12:     layout_irregular_city, serial_shops, shop, slow_altar_2
D:13:     layout_loops_ring, ximxim_vaults_locker_room, uniq_azrael
D:14:     layout_loops_corners, doesnt_xom_only_xom
D:15:     hangedman_depths_entry_civil_slaughter, layout_basic,
          chequers_serial_rivers_small_a, serial_shops, shop,
          nicolae_lakefront_shop, minmay_more_statues
Temple:   eino_narrow_crystal_temple
Lair:1:   layout_misc_corridors
Lair:2:   layout_roguey, gauntlet_entry_generic, eino_house_with_fridge,
          lemuel_fruit_tree
Lair:3:   layout_cave_pods, shoals_dummy_entry,
          minmay_snake_entry_six_corridors, kennysheep_abandoned_house,
          infiniplex_staircase_pool, uniq_josephine
Lair:4:   layout_misc_corridors, serial_bayou_shore_a, grunt_megastairs_4,
          uniq_rupert
Lair:5:   evil_forest, layout_regular_city, slime_entry_2,
          nicolae_quartered_pool_impasse, nzn_masters_of_martial_movement,
          uniq_urug
Shoals:1: layout_shoals, serial_shops, shop
Shoals:2: layout_shoals, nicolae_shoals_nautilus_by_nature
Shoals:3: layout_shoals, uniq_aizul
Shoals:4: shoals_end_grunt_ice, layout_shoals, nicolae_shoals_goliath_grotto
Snake:1:  layout_layer_cave
Snake:2:  layout_misc_corridors, st_stairs_9, minmay_shop_enchanted_jewellery,
          nrook_loot_triangle, hangedman_venom_bottle, minmay_shop_star,
          uniq_agnes
Snake:3:  layout_cave_town
Snake:4:  grunt_snake_rune_spirals, layout_onion_interference, serial_shops,
          shop_coins
Orc:1:    layout_diamond_mine
Orc:2:    grunt_orc_cross, layout_caves
Elf:1:    elf_arrival_002, layout_loops_corners, hangedman_elf_disciples,
          uniq_nikola, uniq_donald
Elf:2:    nicolae_elf_blades_splatter_lattice [nooodl_blade_entry_preview],
          layout_loops_cross, portal_desolation_entry_nicolae_slug,
          amcnicky_mini_pool_small, guppyfry_elf_garden
Elf:3:    minmay_elf_hall_not_hex, layout_gridlike, serial_shops,
          nicolae_shop_competitors_out_of_business, shop_fountains,
          minmay_elf_sorcery, minmay_shoptagon, grunt_megastairs_3
Vaults:1: nicolae_vaults_big_angled_halls, vaults_room_grunt_arrival_ludios,
          vaults_room_octagon, nicolae_vaults_big_ls, v_misc_23,
          ontoclasm_vaults_eye, ontoclasm_vaults_shuriken, v_misc_29,
          dpeg_vaults_monster_box, vaults_dpeg_hooks, vaults_room_fours,
          ontoclasm_vaults_gateway, vaults_dpeg_encased_lava,
          layout_vaults_ring, serial_hangedman_research,
          hangedman_research_metamorphosis, hangedman_research_convocations
Vaults:2: nicolae_vaults_rhombus_5, nicolae_vaults_little_squares_4,
          minmay_crypt_entry_simple_sparse, vaults_standard_mumra_x,
          hangedman_vaults_pinch, gammafunk_sealed_arena,
          ontoclasm_vaults_bender, vaults_dpeg_ring, v_misc_5,
          hangedman_vaults_nails, nicolae_vaults_what_the_h,
          layout_vaults_omnicross, serial_shops, nicolae_shop_hallway_plus
Vaults:3: vaults_mumra_bighexcomb, v_misc_26, nicolae_vaults_network_barrier,
          hangedman_vaults_locks, v_misc_2, vaults_dpeg_diagonal, v_misc_11,
          grunt_vaults_hallway_short, nicolae_vaults_specimen_jars,
          ontoclasm_vaults_loading_screen, layout_vaults_chaotic_city
Vaults:4: hellmonk_ghost_happy_afterlife, nicolae_vaults_angled_halls,
          grunt_vaults_diagonal, vaults_room_hallway,
          nicolae_vaults_little_squares_3, layout_vaults_omnigrid,
          uniq_frederick
Vaults:5
Crypt:1:  gammafunk_its_a_trap, layout_gridlike, basic_altar, uniq_grunn
Crypt:2:  layout_basic, lemuel_nasty_fountain
Crypt:3:  quadcrypt_mu
Depths:1: layout_forbidden_donut, hell_entry, hangedman_abyss_or_decor_slice,
          minmay_guarded_unrand_zonguldrok, nicolae_integral_box
Depths:2: minmay_ornate_pinched, layout_cave_shapes, hell_entry,
          abyss_entry_small_statue_room, grunt_pan_entry_spiral,
          hangedman_decor_growths, uniq_enchantress
Depths:3: minmay_the_grid_plus_closed [minmay_the_grid_dragon_b,
          minmay_the_grid_minigrid_small_alt, minmay_the_grid_empty,
          minmay_the_grid_minigrid_small, minmay_the_grid_prize_big_room],
          layout_cave_shapes, enter_ziggurat_c, grunt_mini_vestibule,
          abyss_entry_flame_altar, infiniplex_staircase_trident, uniq_parghit,
          uniq_jory
Depths:4: grunt_zot_entry_tricorne, layout_gridlike, hell_entry,
          minmay_shop_grove, uniq_boris, uniq_margery
Hell
Zot:1:    layout_gridlike
Zot:2:    kennysheep_room_grid, layout_onion_interference,
          gammafunk_ghost_wrathful_warriors, uniq_vv

Skill      XL: |  1  2  3  4  5  6  7  8  9 10 11 12 13 14 15 16 17 18 19 20 21 22 23 24 25 |
---------------+----------------------------------------------------------------------------+-----
Fighting       | 1 2 4 5 6 7 8 9 10 11 12 13 14 | 14.3
Dodging        | 2 3 4 5 6 7 8 9 10 11 12 13 | 13.2
Stealth        | 2 3 4 5 |  5.4
Conjurations   | 5 6 7 8 9 10 11 12 13 14 | 14.8
Short Blades   | 1 2 3 4 5 6 |  6.5
Poison Magic   | 1 2 3 4 5 6 7 8 9 |  9.0
Spellcasting   | 3 4 5 6 8 9 11 12 13 14 15 16 17 18 19 20 | 20.0
Armour         | 1 2 3 |  3.7
Invocations    | 1 3 4 5 6 7 8 9 10 11 12 13 | 13.0
Air Magic      | 1 2 3 4 5 6 7 8 9 11 12 13 14 | 14.1
Evocations     | 2 3 4 5 6 7 8 9 10 11 12 13 | 13.2
Throwing       | 1 2 3 |  3.5
Translocations | 1 3 4 5 6 7 8 9 10 | 10.1
Long Blades    | 1 2 3 4 5 6 7 8 9 10 | 10.9
Fire Magic     | 2 3 4 5 6 7 8 9 10 11 | 11.3
Transmutations | 2 3 4 5 6 7 8 9 |  9.7
Shields        | 2 3 4 |  4.4
Unarmed Combat | 1 3 4 5 6 7 9 11 | 11.5

Action                   |  1- 3 |  4- 6 |  7- 9 | 10-12 | 13-15 | 16-18 | 19-21 | 22-24 | 25-27 || total
-------------------------+-------+-------+-------+-------+-------+-------+-------+-------+-------++-------
Melee: Unarmed           |    11 |       |       |       |       |       |   360 |   453 |    46 ||   870
       Dagger            |    43 |    76 |   109 |   221 |   562 |   180 |       |       |       ||  1191
       Punch             |     1 |     2 |     2 |     3 |     8 |       |     9 |    26 |     1 ||    52
       Kick              |       |    12 |    34 |   100 |   320 |   213 |   192 |   149 |     1 ||  1021
       Headbutt          |       |       |     9 |    60 |   176 |   132 |   114 |    99 |     4 ||   594
       Scimitar          |       |       |       |       |    13 |   829 |   568 |   133 |       ||  1543
       Tailslap          |       |       |       |       |       |       |     2 |       |     4 ||     6
       Bite              |       |       |       |       |       |       |     1 |       |     5 ||     6
       Double sword      |       |       |       |       |       |       |       |   441 |     8 ||   449
Throw: Dart              |     1 |    10 |       |     5 |     8 |     4 |     3 |     1 |       ||    32
       Boomerang         |       |       |     1 |    37 |    42 |    55 |    12 |    10 |       ||   157
       Javelin           |       |       |       |       |       |     2 |       |       |       ||     2
 Cast: Magic Dart        |    55 |    22 |    84 |    36 |    34 |    32 |       |       |       ||   263
       Searing Ray       |     2 |    11 |    40 |    15 |    19 |    16 |       |       |       ||   103
       Poisonous Vapours |       |    10 |       |     2 |    13 |     1 |       |       |       ||    26
       Olgreb's Toxic Ra |       |       |     5 |    64 |   153 |    84 |    54 |     9 |       ||   369
       Iskenderun's Myst |       |       |     4 |    77 |   128 |    83 |    15 |    11 |       ||   318
       Starburst         |       |       |       |       |     4 |     3 |    19 |       |       ||    26
       Manifold Assault  |       |       |       |       |       |   328 |   159 |   221 |    10 ||   718
       Airstrike         |       |       |       |       |       |    91 |   303 |   160 |    55 ||   609
       Storm Form        |       |       |       |       |       |       |    24 |    35 |     4 ||    63
       Dragon Form       |       |       |       |       |       |       |     3 |     2 |     6 ||    11
Invok: Slouch            |       |       |       |       |       |     5 |     5 |     5 |       ||    15
 Abil: Blinkbolt         |       |       |       |       |       |       |     7 |    10 |     1 ||    18
       Breathe Fire      |       |       |       |       |       |       |       |     1 |     1 ||     2
Evoke: Wand              |       |       |     1 |     2 |     8 |     2 |     1 |     3 |       ||    17
       Lightning rod     |       |       |       |     4 |     4 |     8 |     4 |       |       ||    20
       Phantom mirror    |       |       |       |     1 |     1 |       |     1 |     1 |       ||     4
       Box of beasts     |       |       |       |       |     1 |     6 |     1 |     3 |       ||    11
       Condenser vane    |       |       |       |       |       |       |       |     3 |       ||     3
  Use: Potion            |       |     1 |     4 |     3 |       |     4 |     1 |     4 |       ||    17
       Scroll            |       |       |       |    16 |     7 |    14 |    16 |     7 |     1 ||    61
 Stab: Sleeping          |       |     4 |     1 |     5 |    13 |     4 |    13 |     3 |       ||    43
       Distracted        |       |       |       |     1 |     2 |       |       |     6 |       ||     9
       Invisible         |       |       |       |     1 |       |       |       |       |       ||     1
       Petrified         |       |       |       |       |     1 |       |       |       |       ||     1
Armor: Robe              |    11 |    42 |     9 |    60 |   123 |   133 |    78 |    27 |       ||   483
       Leather armour    |       |     1 |    43 |       |       |       |       |       |       ||    44
       Skin              |       |       |       |       |       |       |    56 |    88 |    11 ||   155
       Acid dragon scale |       |       |       |       |       |       |       |    73 |     7 ||    80
Dodge: Dodged            |    36 |    73 |   115 |   255 |   607 |   643 |   661 |   776 |    45 ||  3211
Block: Kite shield       |       |       |       |       |   121 |   595 |   311 |   272 |     7 ||  1306

Table legend: (Time is in decaauts)
 A = Elapsed time spent in this place.
 B = Non-inter-level travel time spent in this place.
 C = Inter-level travel time spent in this place.
 D = Time resting spent in this place.
 E = Time spent auto-exploring this place.
 F = Levels seen in this place.
 G = Mean time per level.
                   A        B        C        D        E       F      G
               +--------+--------+--------+--------+--------+-----+--------+
         Total | 125663 | 114912 |  10751 |  16865 |  81743 |  53 | 2371.0 |
       Dungeon |  29235 |  25542 |   3693 |   3823 |  18483 |  15 | 1949.0 |
        Temple |    219 |    179 |     40 |      0 |    166 |   1 |  219.0 |
          Lair |  10061 |   8995 |   1066 |     44 |   7534 |   5 | 2012.2 |
        Shoals |   9879 |   9268 |    611 |   2165 |   5938 |   4 | 2469.8 |
     Snake Pit |  12899 |  12426 |    473 |   2201 |   8367 |   4 | 3224.8 |
  Orcish Mines |   3284 |   2836 |    448 |      6 |   2384 |   2 | 1642.0 |
   Elven Halls |   9696 |   9238 |    458 |   2440 |   5533 |   3 | 3232.0 |
        Vaults |  20014 |  17776 |   2238 |   1444 |  14478 |   5 | 4002.8 |
         Crypt |   8052 |   7327 |    725 |    185 |   6167 |   3 | 2684.0 |
        Depths |  14404 |  13517 |    887 |   2497 |   9201 |   4 | 3601.0 |
          Hell |     58 |     58 |      0 |      0 |      0 |   1 |   58.0 |
           Zot |   2059 |   1953 |    106 |      0 |   1809 |   2 | 1029.5 |
         Trove |    187 |    187 |      0 |      0 |     40 |   1 |  187.0 |
        Bailey |   1500 |   1500 |      0 |    540 |    620 |   1 | 1500.0 |
    Desolation |   3011 |   3011 |      0 |   1233 |    730 |   1 | 3011.0 |
      Gauntlet |   1097 |   1097 |      0 |    286 |    290 |   1 | 1097.0 |
               +--------+--------+--------+--------+--------+-----+--------+

Top non-repeatable levels by time:
Vaults:2: 5596 daAuts
   Elf:3: 4767 daAuts
Shoals:4: 4570 daAuts
Vaults:1: 4327 daAuts
 Snake:4: 4232 daAuts
Depths:4: 4221 daAuts
Depths:3: 3931 daAuts
Vaults:3: 3883 daAuts
 Crypt:3: 3735 daAuts
 Snake:1: 3597 daAuts
Vaults:4: 3218 daAuts
Depths:1: 3167 daAuts
Depths:2: 3083 daAuts
   Elf:1: 3035 daAuts
Desolation: 3011 daAuts
